AoeStats
← [AirBo]一大包

Arabia

506851080Analyzed
4v4 RM · 15d ago on Sep 15, 2026· 32m 15s· 8 players
Game mode
Random Map
Map size
Large (8 player)
Population
200
Speed
Normal
Resources
Standard
Victory
Conquest
Starting age
Dark Age
Ending age
Imperial Age
RankedLock teamsTeams togetherTeam positionsShared explorationLock speedFull tech treeHidden civsTurbo modeCheats
Victory
Defeat
🇦🇷 Tupi · Argentina
1712
+9
🇭🇰 Persians · Hong Kong SAR China
1685
+10
🇹🇼 Maya · Taiwan
1620
+13
🇹🇼 Magyars · Taiwan
1600
+13
1564
-12
1548
-11
1546
-11
1542
-11
[韓粉戰隊] 南飄賣菜郎
6:21 Loom
8:53 Feudal Age
9:25 Double-Bit Axe
10:46 Horse Collar
17:04 Scale Barding Armor
21:31 Bloodlines
25:57 Castle Age
26:03 Light Cavalry
26:44 Husbandry
27:25 Chain Barding Armor
28:31 Heavy Plow
[韓粉戰隊] 跟著月亮走
6:41 Loom
9:01 Feudal Age
9:40 Double-Bit Axe
15:02 Scale Barding Armor
16:14 Forging
18:21 Bloodlines
20:08 Wheelbarrow
24:02 Castle Age
23:11 Gold Mining
25:14 Chain Barding Armor
25:29 Iron Casting
24:56 Husbandry
24:25 Light Cavalry
26:13 Scale Mail Armor
27:57 Bow Saw
[韓粉戰隊] 鋼鐵韓粉
5:34 Loom
8:25 Feudal Age
10:59 Fletching
22:24 Castle Age
21:08 Double-Bit Axe
21:39 Padded Archer Armor
21:54 Gold Mining
22:27 Crossbowman
23:46 Bodkin Arrow
25:35 Ballistics
25:33 Horse Collar
28:21 Leather Archer Armor
30:55 Town Watch
[韓粉戰隊] 台北庶民
6:01 Loom
9:10 Feudal Age
12:15 Fletching
24:31 Castle Age
23:13 Gold Mining
23:56 Padded Archer Armor
24:32 Crossbowman
25:09 Bodkin Arrow
28:28 Gold Shaft Mining
29:11 Wheelbarrow
28:59 Ballistics
30:16 Thumb Ring
31:14 Leather Archer Armor
[AirBo]實心包
5:33 Loom
8:36 Feudal Age
9:07 Double-Bit Axe
15:34 Scale Barding Armor
17:57 Bloodlines
21:09 Wheelbarrow
21:43 Forging
24:28 Castle Age
23:12 Forging
24:02 Gold Mining
24:16 Light Cavalry
25:21 Chain Barding Armor
27:10 Bow Saw
26:40 Horse Collar
27:15 Husbandry
30:23 Iron Casting
甜心包
0:27 Loom
9:16 Feudal Age
13:17 Double-Bit Axe
15:25 Fletching
17:35 Padded Archer Armor
24:53 Castle Age
24:16 Horse Collar
24:29 Gold Mining
24:57 Crossbowman
25:41 Bodkin Arrow
27:18 Ballistics
27:45 Heavy Plow
27:58 Bow Saw
[AirBo]一大包
8:49 Feudal Age
9:01 Loom
10:09 Double-Bit Axe
10:17 Horse Collar
15:12 Scale Barding Armor
17:53 Bloodlines
23:17 Castle Age
23:17 Light Cavalry
24:19 Chain Barding Armor
24:20 Gold Mining
24:40 Husbandry
28:02 Bow Saw
[AirBo]空氣包
5:10 Loom
5:17 Loom
8:46 Feudal Age
10:37 Fletching
14:21 Padded Archer Armor
15:39 Town Watch
23:35 Castle Age
22:53 Double-Bit Axe
22:51 Horse Collar
23:03 Gold Mining
24:16 Bodkin Arrow
23:46 Crossbowman
25:18 Ballistics
27:14 Leather Archer Armor
29:57 Wheelbarrow
31:35 Bow Saw
Connection lost

Rejoining the realm…

Still unreachable

The connection could not be restored.

Session expired

The server has moved on; the page needs a fresh start.